 Dungeon Crawl Stone Soup version 0.31-a0-233-g139696dc86 (webtiles) character file.

Game seed: 13719024207142717539

100 qw the Shooter (level 4, -3/26 HPs)
             Began as a Gargoyle Hexslinger on July 9, 2023.
             Slain by Terence
             ... wielding a +4 hand axe of freezing
              (4 damage)
             ... on level 3 of the Dungeon.
             The game lasted 00:00:43 (1545 turns).

qw the Shooter (Gargoyle Hexslinger)                Turns: 1545, Time: 00:00:44

Health: -3/26      AC:  6    Str: 12    XL:     4   Next: 74%
Magic:  5/5        EV: 11    Int: 13    God:
Gold:   56         SH:  0    Dex: 14    Spells: 4/5 levels left

rFire   . . .        Y - +1 sling
rCold   . . .        (no shield)
rNeg    + . .        g - +0 leather armour
rPois   inf          (no helmet)
rElec   +            (no cloak)
rCorr   .            (no gloves)
SInv    .            (no boots)
Will    .....        (no amulet)
Stlth   +            (no ring)
HPRegen 0.24/turn    (no ring)
MPRegen 0.09/turn

%: no passive effects
@: no status effects
A: sickness immunity, AC +3, negative energy resistance 1, electricity
resistance, torment resistance 1, petrification resistance
a: no special abilities


You were on level 3 of the Dungeon.
You visited 1 branch of the dungeon, and saw 3 of its levels.

You collected 56 gold pieces.


Innate Abilities, Weirdness & Mutations

You are immune to sickness and miasma.
Your stone body is resilient. (AC +3)
You are immune to poison.
You resist negative energy. (rN+)
You are resistant to electric shocks. (rElec)
You are resistant to unholy torment.
You are immune to petrification.


   Skills:
 - Level 2.0 Fighting
 + Level 4.5 Ranged Weapons
 - Level 1.5 Dodging
 - Level 1.0 Spellcasting
 - Level 2.6 Hexes


You had 4 spell levels left.
You knew the following spells:

 Your Spells              Type           Power      Damage    Failure   Level
a - Slow                  Hex            28%        N/A       12%         1

Your spell library contained the following spells:

 Spells                   Type           Power      Damage    Failure   Level
 Inner Flame              Hex/Fire       4%         N/A       52%         3
 Portal Projectile        Hex/Tloc       8%         N/A       52%         3
 Cause Fear               Hex            3%         N/A       75%         4

Inventory:

Hand Weapons
 Y - a +1 sling (weapon)
Armour
 g - a +0 leather armour (worn)
Scrolls
 f - a scroll of identify
Potions
 a - a potion of magic {unknown}
 c - a potion of brilliance {unknown}
 d - a potion of berserk rage {unknown}
 h - a potion of lignification {unknown}
 k - a potion of haste {unknown}

Dungeon Overview and Level Annotations

Branches:
Dungeon (3/15)

Altars:

Annotations:
D:3 Terence


Message History

There is a stone staircase leading up here.
Waypoint 2 assigned to D:3.
1533 ||| PLANNING SEWER Terence the Incautious comes into view.
He is wielding a +4 hand axe of freezing.
Terence shouts!
You shoot a sling bullet.
The sling bullet hits Terence but does no damage.
You shoot a sling bullet.
The sling bullet completely misses Terence.
You shoot a sling bullet.
The sling bullet hits Terence but does no damage.
Terence screams, "I'm going to kill you!"
You shoot a sling bullet. The sling bullet barely misses Terence.
Terence misses you.
Terence hits you with a +4 hand axe of freezing.
Terence freezes you.
You shoot a sling bullet.
The sling bullet hits Terence but does no damage.
Terence closely misses you.
You shoot a sling bullet.
The sling bullet closely misses Terence.
Terence says, "Did you write a will?
You should..."
Terence hits you with a +4 hand axe of freezing!
Terence freezes you.
You shoot a sling bullet. The sling bullet hits Terence.
Terence is moderately wounded.
Terence hits you but does no damage.
You shoot a sling bullet. The sling bullet hits Terence!
Terence is severely wounded.
Terence barely misses you.
You shoot a sling bullet.
The sling bullet hits Terence but does no damage.
Terence is severely wounded.
Terence hits you with a +4 hand axe of freezing.
Terence freezes you.
You shoot a sling bullet.
The sling bullet closely misses Terence.
Terence says, "How do you enjoy it?"
Terence hits you with a +4 hand axe of freezing.
You die...

#.## ...##
#(... ...# ...#
# #..#.#.#
#.@....# #@# #
#.##.#####
#.<.......
#.........#####
.....#######
.... ###


You could see Terence.

Vanquished Creatures
  Jessica (D:2)
  3 adders (D:2)
  2 dart slugs
  4 ball pythons
  5 bats
  6 endoplasms
  A giant cockroach (D:1)
  4 goblins
  5 hobgoblins
  4 kobolds
  A frilled lizard (D:1)
  4 rats (D:1)
40 creatures vanquished.

Notes
Turn   | Place    | Note
-------+----------+-------------------------------------------
     0 | D:1      | qw the Gargoyle Hexslinger began the quest for the Orb.
     0 | D:1      | Reached XP level 1. HP: 12/12 MP: 2/2
     0 | D:1      | 0 ||| qw: Version: 0.3-a-51-g015441d
     0 | D:1      | 0 ||| qw: Game counter: 3778
     0 | D:1      | 0 ||| qw: Melee chars always use a shield: true
     0 | D:1      | 0 ||| qw: God list: Okawaru
     0 | D:1      | 0 ||| qw: Allow faded altars: false
     0 | D:1      | 0 ||| qw: Do Orc after clearing Dungeon:15 true
     0 | D:1      | 0 ||| qw: Do second Lair branch before Depths: true
     0 | D:1      | 0 ||| qw: Lair rune preference: random
     0 | D:1      | 0 ||| qw: Goals: Normal
     0 | D:1      | 0 ||| PLANNING D:1-11
   185 | D:1      | Reached XP level 2. HP: 7/16 MP: 3/3
   217 | D:1      | 217 ||| FLEEEEING.
   218 | D:1      | 218 ||| FLEEEEING.
   287 | D:1      | Reached skill level 3 in Ranged Weapons
   369 | D:1      | Reached XP level 3. HP: 21/21 MP: 4/4
   830 | D:1      | 830 ||| UPGRADING to +0 leather armour.
   840 | D:1      | 840 ||| DROPPING +0 robe.
   841 | D:1      | 841 ||| READING scroll labelled LAUMALUQAF.
   842 | D:1      | 842 ||| READING 2 scrolls labelled UVEBRO GEUCRE.
   843 | D:1      | 843 ||| DROPPING scroll of poison.
   895 | D:2      | 895 ||| Stepping ~*~*~tactically~*~*~ (outnumbered).
   918 | D:2      | 918 ||| FLEEEEING.
   919 | D:2      | 919 ||| FLEEEEING.
   920 | D:2      | 920 ||| FLEEEEING.
   921 | D:2      | 921 ||| FLEEEEING.
   922 | D:2      | 922 ||| FLEEEEING.
   989 | D:2      | Reached XP level 4. HP: 26/26 MP: 5/5
  1019 | D:2      | Noticed Jessica
  1026 | D:2      | Killed Jessica
  1027 | D:2      | Reached skill level 4 in Ranged Weapons
  1355 | D:2      | Found a faded altar of an unknown god.
  1492 | D:2      | 1492 ||| READING scroll labelled RYWUUS KEDICAH.
  1495 | D:2      | 1495 ||| READING scroll labelled FUYNUB FUXTO.
  1496 | D:2      | 1496 ||| READING scroll labelled YWOARU ESITES.
  1497 | D:2      | 1497 ||| DRINKING 2 ruby potions.
  1507 | D:2      | 1507 ||| DROPPING potion of ambrosia.
  1533 | D:3      | 1533 ||| PLANNING SEWER
  1535 | D:3      | Noticed Terence
  1541 | D:3      | HP: 6/26 [Terence/+4 hand axe of freezing (5)]
  1544 | D:3      | HP: 1/26 [Terence/+4 hand axe of freezing (2)]
  1545 | D:3      | Slain by Terence

Levels and vault maps discovered:
D:1:      tarquinn_simple_flora_water_e, layout_loops_ring
D:2:      layout_loops_ring, hellmonk_ecumenical_altar_slurped_away,
          uniq_jessica
D:3:      layout_loops_ring, cheibrodos_sewer_entry_sluice, uniq_terence

Skill      XL: |  1  2  3  4 |
---------------+-------------+-----
Ranged Weapons | 3 4 |  4.5
Fighting       | 2 |  2.0
Dodging        | |  1.5
Spellcasting   | |  1.0
Hexes          | |  2.6

Action                     |  1- 3 |  4- 6 || total
---------------------------+-------+-------++-------
   Fire: Sling             |   145 |    30 ||   175
    Use: Scroll            |     2 |     3 ||     5
         Potion            |       |     1 ||     1
 Armour: Robe              |    25 |       ||    25
         Leather armour    |    15 |     2 ||    17
  Dodge: Dodged            |    63 |     5 ||    68

Table legend:
 A = Non-vault XP
 B = Vault XP
 C = Vault XP percentage of total XP
 D = Non-vault monster count
 E = Vault monster count
 F = Vault count percentage of total count
                 A         B        C        D         E       F
            +---------+---------+-------+---------+---------+-------
      Total |     105 |      39 |  27.1 |      38 |       2 |   5.0
            +---------+---------+-------+---------+---------+-------
        D:1 |      44 |       0 |   0.0 |      24 |       0 |   0.0
        D:2 |      61 |      39 |  39.0 |      14 |       2 |  12.5
            +---------+---------+-------+---------+---------+-------
